 Dungeon Crawl Stone Soup version 0.25-a0-164-gb55e97dba5 (webtiles) character file.

Game seed: 3285898886659288712, levelgen mode: deterministic

55 Leeroy the Conjurer (level 3, -4/30 HPs)
             Began as a Draconian Conjurer on Nov 22, 2019.
             Slain by Sigmund
             ... wielding a +0 scythe of venom
              (8 damage)
             ... on level 2 of the Dungeon.
             The game lasted 00:02:21 (2096 turns).

Leeroy the Conjurer (Draconian Conjurer)            Turns: 2096, Time: 00:02:22

Health: -4/30      AC:  5    Str: 11    XL:     3   Next: 67%
Magic:  4/6        EV: 12    Int: 15    God:
Gold:   79         SH:  0    Dex: 11    Spells: 3/6 levels left

rFire    . . .     SeeInvis .   i - +0 short sword
rCold    . . .     Gourm    .   (no shield)
rNeg     . . .     Faith    .   (armour unavailable)
rPois    .         Spirit   .   (helmet restricted)
rElec    .         Reflect  .   (no cloak)
rCorr    .         Harm     .   (no gloves)
MR       .....                  (no boots)
Stlth    ++........             (no amulet)
HPRegen  0.10/turn              (no ring)
MPRegen  0.10/turn              (no ring)

@: lethally poisoned (-4 -> -15)
A: unfitting armour, cold-blooded, AC +5
a: no special abilities


You were on level 2 of the Dungeon.
You were very hungry.

You visited 1 branch of the dungeon, and saw 2 of its levels.

You collected 79 gold pieces.

Inventory:

Hand Weapons
 c - a +0 club
 d - a +0 dagger
 i - a +0 short sword (weapon)
Jewellery
 e - a cursed ring of protection from fire {unknown}
 k - an uncursed ring of fire {unknown}
Scrolls
 a - a scroll of remove curse {unknown}
 f - 3 scrolls of identify {unknown}
 g - a scroll of fog {unknown}
 l - a scroll of random uselessness {unknown}
Potions
 h - a potion of magic
 j - a potion of flight {unknown}
 m - a potion of haste {unknown}
Comestibles
 b - 3 rations


   Skills:
 + Level 2.6 Fighting
 - Level 0.9 Maces & Flails
 - Level 2.5 Dodging
 - Level 1.7 Stealth
 - Level 2.0 Spellcasting
 - Level 4.0 Conjurations


You had 3 spell levels left.
You knew the following spells:

 Your Spells              Type           Power        Failure   Level  Hunger
a - Magic Dart            Conj           ##..         4%          1    #......
b - Searing Ray           Conj           ##....       6%          2    ###....

Your spell library contained the following spells:

 Spells                   Type           Power        Failure   Level  Hunger
 Dazzling Spray           Conj/Hex       #.....       28%         3    ###....
 Iskenderun's Mystic Bla  Conj           ##......     38%         4    #####..
 Force Lance              Conj/Tloc      #.......     67%         4    #####..
 Fulminant Prism          Conj/Hex       #.........   67%         4    #####..


Dungeon Overview and Level Annotations

Branches:
Dungeon (2/15)

Altars:

Annotations:
D:2 Sigmund


Innate Abilities, Weirdness & Mutations

Your plain brown scales are hard. (AC +5)
You cannot fit into any form of body armour.
You are cold-blooded and may be slowed by cold attacks.


Message History

* * * LOW HITPOINT WARNING * * *
You feel sick.
Sigmund says, "Now you see me, now you don't..."
Sigmund closely misses you.
It was a potion of magic.
Magic courses through your body.
* * * LOW HITPOINT WARNING * * *
You feel sick.
Casting: Searing Ray (safe; 6% risk of failure)
Confirm with . or Enter, or press ? or * to list all spells.
Aiming: Searing Ray (safe; 6% risk of failure)
Press: ? - help, Shift-Dir - straight line, f/p - Sigmund
Aim: Sigmund, wielding a +0 scythe of venom and wearing a +0 robe (heavily wounded)
The searing ray hits Sigmund.
Sigmund is severely wounded. (Press . to maintain the ray.)
You are feeling very hungry.
* * * LOW HITPOINT WARNING * * *
You feel sick.
Sigmund hits you with a +0 scythe of venom!
You die...

....#$.. #...... #!....
#....# #....#
######....#
#<.....@..##.#
###############.@.....##
........................
###############.##.#####
### ##


You could see Sigmund.

Vanquished Creatures
  3 adders (D:2)
  A dart slug (D:1)
  2 bats (D:1)
  A giant cockroach (D:2)
  4 goblins
  3 hobgoblins (D:1)
  4 jackals
  3 kobolds (D:1)
  3 frilled lizards
  A rat (D:1)
25 creatures vanquished.

Notes
Turn   | Place    | Note
-------+----------+-------------------------------------------
     0 | D:1      | Leeroy the Draconian Conjurer began the quest for the Orb.
     0 | D:1      | Reached XP level 1. HP: 14/14 MP: 3/3
   183 | D:1      | Reached XP level 2. HP: 6/20 MP: 1/5
   187 | D:1      | Learned a level 2 spell: Searing Ray
   543 | D:1      | HP: 1/20 [goblin/+0 dagger (6)]
   553 | D:1      | HP: 1/20 [dart slug/slug dart (1)]
  1501 | D:2      | Reached skill level 1 in Fighting
  1666 | D:2      | Reached XP level 3. HP: 13/29 MP: 0/6
  2079 | D:2      | Noticed Sigmund
  2096 | D:2      | Slain by Sigmund

Levels and vault maps discovered:
D:1:      lemuel_arrival_funnel, layout_basic
D:2:      layout_basic, uniq_sigmund

Skill      XL: |  1  2  3 |
---------------+----------+-----
Dodging        | 2 |  2.5
Fighting       | 1 2 |  2.6
Maces & Flails | |  0.9
Stealth        | |  1.7
Spellcasting   | |  2.0
Conjurations   | |  4.0

Action                   || total
-------------------------++-------
Melee: Club              ||    37
       Tailslap          ||     6
       Unarmed           ||     1
       Dagger            ||    52
       Short sword       ||    12
 Cast: Magic Dart        ||     7
       Searing Ray       ||     3
  Use: Potion            ||     1
 Stab: Sleeping          ||     4
  Eat: Chunk             ||     3
Armor: Skin              ||    35
Dodge: Dodged            ||    73

Table legend:
 A = Non-vault XP
 B = Vault XP
 C = Vault XP percentage of total XP
 D = Non-vault monster count
 E = Vault monster count
 F = Vault count percentage of total count
                 A         B        C        D         E       F
            +---------+---------+-------+---------+---------+-------
      Total |      79 |       0 |   0.0 |      25 |       0 |   0.0
            +---------+---------+-------+---------+---------+-------
        D:1 |      31 |       0 |   0.0 |      17 |       0 |   0.0
        D:2 |      48 |       0 |   0.0 |       8 |       0 |   0.0
            +---------+---------+-------+---------+---------+-------
